 Dungeon Crawl Stone Soup version 0.28-a0-1622-gc30f734a66 (webtiles) character file.

Game seed: 11970837203935921493

7994 Anamonty the Transmogrifier (level 11, -1/104 HPs)
             Began as a Naga Transmuter on Jan 23, 2022.
             Was a Priest of Kikubaaqudgha.
             Succumbed to an orange demon's poison
             ... on level 10 of the Dungeon.
             The game lasted 00:38:58 (11370 turns).

Anamonty the Transmogrifier (Naga Transmuter)      Turns: 11370, Time: 00:38:58

Health: -1/104     AC:  2    Str: 15    XL:     11   Next: 23%
Magic:  23/28      EV: 22    Int: 15    God:    Kikubaaqudgha [***...]
Gold:   634        SH:  0    Dex: 17    Spells: 11/21 levels left

rFire   . . .      SeeInvis +     - Unarmed
rCold   . . .      Faith    .   (shield currently unavailable)
rNeg    . . .      Spirit   .   (armour currently unavailable)
rPois   x          Reflect  .   (helmet currently unavailable)
rElec   .          Harm     .   (cloak currently unavailable)
rCorr   .          Rampage  .   (gloves currently unavailable)
Will    +....                   (no barding)
Stlth   ++........              (no amulet)
HPRegen 0.27/turn               e - ring of magical power
MPRegen 0.21/turn               (no ring)

@: lethally poisoned (-1 -> -84), spider-form, wereblooded, studying Long Blades
A: venomous fangs, AC +3, tiny, see invisible, (deformed body), (poison
resistance), (slowness 2), spit poison 1, (naga tail 1)
a: Spit Poison, End Transformation, Renounce Religion, Receive Corpses


You were on level 10 of the Dungeon.
You worshipped Kikubaaqudgha.
Kikubaaqudgha was most pleased with you.
You were a venomous arachnid creature.
You visited 2 branches of the dungeon, and saw 12 of its levels.

You collected 654 gold pieces.
You spent 20 gold pieces at shops.

Inventory:

Hand Weapons
 c - a +3 dagger of speed (melded)
Armour
 a - a +1 robe
 r - a +0 pair of gloves (melded)
 w - a +2 helmet (melded)
 B - a +0 pair of gloves
 D - a +0 troll leather armour (melded)
Jewellery
 e - a ring of magical power (left front leg)
 j - a ring of fire
 z - an amulet of magic regeneration
 C - a ring of protection from fire
Wands
 m - a wand of flame (10)
 p - a wand of mindburst (13) (quivered)
 v - a wand of paralysis (12)
 y - a wand of digging (5)
 E - a wand of acid (3)
 F - a wand of iceblast (1)
Scrolls
 d - 2 scrolls of enchant weapon
 i - 2 scrolls of summoning {unknown}
 k - 3 scrolls of holy word {unknown}
 o - 2 scrolls of teleportation {unknown}
 q - 2 scrolls of blinking {unknown}
 s - 2 scrolls of fear {unknown}
 x - 3 scrolls of magic mapping {unknown}
 A - a scroll of immolation {unknown}
 G - a scroll of brand weapon {unknown}
 H - a scroll of fog {unknown}
 I - 3 scrolls of enchant armour
 K - a scroll of identify
Potions
 b - 3 potions of berserk rage {unknown}
 f - 4 potions of curing
 g - 2 potions of heal wounds
 h - a potion of magic {unknown}
 l - 3 potions of mutation
 n - a potion of flight {unknown}
 t - 3 potions of might {unknown}
 u - 2 potions of brilliance
 J - a potion of resistance


   Skills:
 + Level 8.9 Fighting
 + Level 5.3 Dodging
 + Level 6.8 Unarmed Combat
 + Level 5.8 Spellcasting
 * Level 5.0 Necromancy
 * Level 9.0 Transmutations
 + Level 0.1 Evocations


You had 11 spell levels left.
You knew the following spells:

 Your Spells              Type           Power      Damage    Failure   Level
a - Beastly Appendage     Tmut           62%        N/A       3%          1
b - Wereblood             Tmut           31%        N/A       3%          2
c - Spider Form           Tmut/Pois      18%        N/A       19%         3
d - Ice Form              Ice/Tmut       18%        N/A       43%         4

Your spell library contained the following spells:

 Spells                   Type           Power      Damage    Failure   Level
 Animate Skeleton         Necr           38%        N/A       8%          1
 Pain                     Necr           76%        1d7       8%          1
 Sublimation of Blood     Necr           19%        N/A       10%         2
 Passwall                 Tmut/Erth      15%        N/A       12%         2
 Corpse Rot               Necr/Air       22%        N/A       22%         2
 Apportation              Tloc           8%         N/A       34%         1
 Foxfire                  Conj/Fire      16%        2x1d4     34%         1
 Sandblast                Erth           8%         2d5       34%         1
 Summon Small Mammal      Summ           16%        N/A       34%         1
 Animate Dead             Necr           9%         N/A       38%         4
 Blink                    Tloc           8%         N/A       43%         2
 Call Canine Familiar     Summ           4%         N/A       63%         3
 Confusing Touch          Hex            4%         N/A       63%         3
 Conjure Flame            Conj/Fire      4%         6-21      63%         3
 Inner Flame              Hex/Fire       4%         N/A       63%         3
 Lesser Beckoning         Tloc           4%         N/A       63%         3
 Stone Arrow              Conj/Erth      8%         3d7       63%         3
 Summon Guardian Golem    Hex/Summ       4%         N/A       63%         3
 Excruciating Wounds      Necr           9%         N/A       67%         5
 Alistair's Intoxication  Tmut/Pois      12%        N/A       75%         5
 Yara's Violent Unravell  Hex/Tmut       9%         3d6       75%         5
 Cause Fear               Hex            2%         N/A       94%         4
 Flame Wave               Conj/Fire      4%         2d5       94%         4
 Fulminant Prism          Conj/Hex       2%         3d6       94%         4
 Iskenderun's Mystic Bla  Conj/Tloc      4%         2d3       94%         4
 Borgnjor's Vile Clutch   Necr/Erth      5%         N/A       94%         5
 Lee's Rapid Deconstruct  Erth           2%         3d5*      99%         5
 Manifold Assault         Tloc           4%         N/A       99%         5
 Death Channel            Necr           9%         N/A       99%         6
 Dragon Form              Tmut           15%        N/A       99%         7
 Simulacrum               Ice/Necr       5%         N/A       100%        6
 Enfeeble                 Hex            2%         N/A       100%        7
 Dragon's Call            Summ           2%         N/A       100%        9


Dungeon Overview and Level Annotations

Branches:
Dungeon (11/15)            Temple (1/1) D:5            Lair (0/6) D:9
    Orc: D:9-12

Altars:
Ashenzari
Cheibriados
Dithmenos
Elyvilon
Gozag
Hepliaklqana
Kikubaaqudgha
Nemelex Xobeh
Ru
Trog
Uskayaw
Vehumet
Wu Jian
Xom
The Shining One

Shops:
D:2 :[(   D:3 [

Annotations:
D:3 2 runed translucent doors, SynTha's ghost, weakling TrBe
D:8 2 transporters, Cab's ghost, novice DsFi
D:10 exclusion: statue


Innate Abilities, Weirdness & Mutations

You are a venomous arachnid creature.
You have poisonous fangs.
You are tiny and dextrous.
Your spellcasting is less reliable in this form.
Your armour is entirely melded.
You are incapable of wielding weapons or throwing items.
((Your serpentine skin is tough. (AC +3)))
You have supernaturally acute eyesight. (SInv)
((Armour fits poorly on your strangely shaped body.))
((Your system is resistant to poisons. (rPois)))
((You cover ground very slowly.))
You can spit poison.
((You have a snake-like lower body.))


Message History

Press: ? - help, Q - select action, (/) - cycle Shift-Dir - straight line The mass of ice explodes!
The iceblast engulfs the orange demon!
The orange demon is severely wounded.
The iceblast engulfs the orange demon!!
The orange demon is moderately wounded.
The orange demon barely misses you.
Aiming: Corrosive Bolt
Press: ? - help, Q - select action, (/) - cycle Shift-Dir - straight line, f - orange demon
Aim: an orange demon (moderately wounded, 83% to hit)
The bolt of acid hits the orange demon!
The orange demon seems to be corroded for longer.
The orange demon is almost dead.
The bolt of acid hits the orange demon!
The orange demon is severely wounded.
The orange demon stings you from afar!
* * * LOW HITPOINT WARNING * * *
You are lethally poisoned!
The orange demon poisons you!
You feel much better.
You hiss as the wereblood boils in your veins!
* * * LOW HITPOINT WARNING * * *
You feel extremely sick. The orange demon stings you from afar!
* * * LOW HITPOINT WARNING * * *
You are more poisoned.
The orange demon poisons you!
Aiming: Iceblast
Press: ? - help, Q - select action, (/) - cycle Shift-Dir - straight line, f - kobold, p - orange demon
Aim: a kobold, wielding a +0 short sword The mass of ice explodes!
The iceblast engulfs the orange demon!
You kill the orange demon!
Kikubaaqudgha accepts your kill.
The iceblast engulfs the orange demon!!
You kill the orange demon!
Kikubaaqudgha accepts your kill.
The iceblast engulfs the kobold!
You kill the kobold!
Kikubaaqudgha accepts your kill.
You die...
Kikubaaqudgha rasps: "You have failed me!
Welcome... death!"

#K.# ...K.. ## ### #..#
......... 8###8###
#K.##44##..##.. ..8...8###
#4..####....### .......####
#.............. .......>#.#
#K####### #. .......##.#
#.# #.
..8...8##.#########)# #.
8###8####.......s...# #.
###########....############
#. #.......#
####............. +.
.......<# #####.######## #.
#.......# #.# ## #.......#
#.# #####'### #.## # #...#
#..### # ###.# ##...# ####


There were no monsters in sight!

Vanquished Creatures
  Josephine (D:11)
  A boulder beetle (D:8)
  A two-headed ogre (D:11)
  An ugly thing (D:8)
  Maurice (D:11)
  2 orange demons (D:10)
  A gargoyle (D:11)
  A troll (D:9)
  A vampire (D:11)
  3 shadows
  3 yaks (D:5)
  4 wraiths (D:11)
  2 vampire mosquitoes (D:11)
  2 orc warriors
  2 centaurs
  2 phantoms
  6 kobold brigands
  2 bullfrogs (D:8)
  A wyvern zombie (D:6)
  4 water moccasin zombies (D:6)
  A wyvern skeleton (D:6)
  3 killer bees (D:7)
  3 howler monkeys
  4 bullfrog zombies (D:6)
  4 centaur zombies
  3 orc priests
  3 hounds
  2 jellies
  2 bullfrog skeletons (D:6)
  4 iguanas
  Natasha (thrice) (D:3)
  4 orc wizards
  4 killer bee zombies
  3 howler monkey zombies
  3 howler monkey skeletons (D:6)
  8 adders
  An ufetubus (D:4)
  An adder skeleton (D:4)
  A worm (D:2)
  A dart slug (D:5)
  20 orcs
  6 ball pythons
  An endoplasm (D:3)
  A giant cockroach (D:2)
  8 goblins
  8 hobgoblins
  38 kobolds
  2 quokkas
  7 bats
  4 frilled lizards
  6 rats
200 creatures vanquished.

Vanquished Creatures (others)
  2 plants (D:7)
  4 withered plants
6 creatures vanquished.

Grand Total: 206 creatures vanquished

Notes
Turn   | Place    | Note
-------+----------+-------------------------------------------
     0 | D:1      | Anamonty the Naga Transmuter began the quest for the Orb.
     0 | D:1      | Reached XP level 1. HP: 18/18 MP: 3/3
   239 | D:1      | Reached XP level 2. HP: 17/25 MP: 3/5
   242 | D:1      | Learned a level 2 spell: Wereblood
   735 | D:1      | Found a faded altar of an unknown god.
  1048 | D:1      | Reached XP level 3. HP: 17/32 MP: 4/6
  1052 | D:1      | Learned a level 3 spell: Spider Form
  1298 | D:2      | Found Xuagud's Weapon Shop.
  1486 | D:2      | Found Xaeschof's Antique Armour Boutique.
  1553 | D:2      | Reached XP level 4. HP: 39/39 MP: 3/7
  1803 | D:2      | Found Boamioco's Book Emporium.
  2199 | D:3      | Found an opulent altar of Gozag.
  2231 | D:3      | Noticed Natasha
  2241 | D:3      | Killed Natasha
  2242 | D:3      | Reached skill level 3 in Transmutations
  2242 | D:3      | Reached XP level 5. HP: 17/46 MP: 2/8
  2531 | D:3      | Noticed Natasha
  2537 | D:3      | Killed Natasha
  2619 | D:3      | Found a runed translucent door.
  2620 | D:3      | Noticed SynTha's ghost (weakling TrBe)
  2705 | D:3      | Noticed Natasha
  2709 | D:3      | Killed Natasha
  2836 | D:3      | Found a snail-covered altar of Cheibriados.
  2981 | D:3      | Found a runed translucent door.
  3058 | D:3      | Reached XP level 6. HP: 56/56 MP: 8/10
  3114 | D:3      | Found Yrotz's Antique Armour Boutique.
  3607 | D:4      | Reached skill level 4 in Transmutations
  3925 | D:4      | Learned a level 4 spell: Ice Form
  4378 | D:5      | Entered Level 5 of the Dungeon
  4378 | D:5      | Noticed a yak
  4380 | D:5      | Noticed a yak
  4383 | D:5      | Noticed a yak
  4469 | D:5      | Found a broken altar of Ashenzari.
  4519 | D:5      | Found a staircase to the Ecumenical Temple.
  4555 | D:5      | Reached XP level 7. HP: 63/63 MP: 5/11
  4578 | Temple   | Entered the Ecumenical Temple
  4650 | Temple   | Became a worshipper of Kikubaaqudgha
  4853 | D:5      | Killed a yak
  4877 | D:5      | Killed a yak
  4877 | D:5      | Killed a yak
  4878 | D:5      | Reached skill level 5 in Transmutations
  4878 | D:5      | Reached XP level 8. HP: 28/73 MP: 3/13
  5133 | D:5      | Noticed a +0 short sword
  5133 | D:5      | Noticed a +0 falchion
  5134 | D:5      | Noticed a +0 short sword
  5134 | D:5      | Noticed a +0 dagger
  5134 | D:5      | Noticed a +0 spear
  5134 | D:5      | Noticed a +0 spear
  5134 | D:5      | Noticed a +0 falchion
  5134 | D:5      | Noticed a +0 dagger
  5148 | D:5      | Found a hide-covered altar of Uskayaw.
  5608 | D:6      | Reached skill level 5 in Fighting
  5950 | D:6      | Reached skill level 1 in Necromancy
  6218 | D:6      | Reached skill level 5 in Unarmed Combat
  6465 | D:6      | Reached * piety under Kikubaaqudgha
  6465 | D:6      | Received a gift from Kikubaaqudgha
  6932 | D:6      | Reached skill level 6 in Transmutations
  7083 | D:6      | Reached XP level 9. HP: 72/82 MP: 6/15
  7863 | D:7      | Found Xadd's CLEARANCE SALE!.
  7871 | D:7      | Bought a potion of brilliance for 20 gold pieces
  8191 | D:7      | Reached ** piety under Kikubaaqudgha
  8606 | D:7      | Found a white marble altar of Elyvilon.
  8876 | D:8      | Found a sacrificial altar of Ru.
  8889 | D:8      | Noticed a boulder beetle
  8914 | D:8      | Killed a boulder beetle
  8915 | D:8      | Reached skill level 7 in Transmutations
  8915 | D:8      | Reached XP level 10. HP: 92/94 MP: 17/17
  9095 | D:8      | Found a bloodstained altar of Trog.
  9153 | D:8      | Noticed a green ugly thing
  9194 | D:8      | Found a transporter.
  9198 | D:8      | Noticed Cab's ghost (novice DsFi)
  9212 | D:8      | Found a transporter.
  9240 | D:8      | Killed a green ugly thing
  9241 | D:8      | Reached skill level 5 in Spellcasting
  9377 | D:9      | Found a shimmering altar of Xom.
  9415 | D:9      | Found an ornate altar of the Wu Jian Council.
  9459 | D:9      | Noticed a death yak
  9460 | D:9      | Noticed a death yak
  9460 | D:9      | Noticed a death yak
  9461 | D:9      | Noticed a death yak
  9462 | D:9      | Noticed a death yak
  9737 | D:9      | Found a staircase to the Lair.
  9748 | D:9      | Noticed a death yak
  9945 | D:10     | Entered Level 10 of the Dungeon
  9961 | D:10     | Reached skill level 8 in Transmutations
 10041 | D:10     | You fall into a shaft and drop 1 floor!
 10041 | D:11     | Found a glowing golden altar of the Shining One.
 10108 | D:10     | Found a glowing golden altar of the Shining One.
 10351 | D:11     | Noticed Josephine
 10359 | D:11     | Killed Josephine
 10430 | D:11     | Noticed Maurice
 10450 | D:11     | Paralysed by Maurice for 6 turns
 10454 | D:11     | Killed Maurice
 10455 | D:11     | Reached skill level 5 in Dodging
 10663 | D:11     | Reached XP level 11. HP: 103/104 MP: 19/19
 10805 | D:11     | Noticed a two-headed ogre
 10819 | D:11     | Killed a two-headed ogre
 10959 | D:11     | Reached skill level 9 in Transmutations
 11179 | D:10     | Found a radiant altar of Vehumet.
 11214 | D:10     | Reached skill level 5 in Necromancy
 11214 | D:10     | Reached *** piety under Kikubaaqudgha
 11214 | D:10     | Received a gift from Kikubaaqudgha
 11370 | D:10     | Succumbed to an orange demon's poison

Illustrated notes

Levels and vault maps discovered:
D:1:      minmay_arrival_open_corners, layout_basic,
          dreamdust_ecumenical_altar_grove, serial_rivers,
          chequers_serial_rivers_micro_e, chequers_serial_rivers_micro_b,
          chequers_serial_rivers_small_3, chequers_serial_rivers_small_a,
          st_stairs_9
D:2:      layout_basic, serial_shops, shop, shop, shop, minmay_small_reverse_x
D:3:      layout_rooms, mainiacjoe_overflow_surrounded_room,
          grunt_gozag_breadcrumbs, ebering_ghost_sewer_f, serial_shops,
          nicolae_square_shop, uniq_natasha
D:4:      layout_basic, hangedman_decor_clover_reticule,
          small_statue_intersection, minmay_misc_feat_room, minmay_fountain_box,
          minmay_liquid_box, corexii_checkpoint_a
D:5:      layout_basic, amcnicky_altar_gilded, nicolae_uskayaw_en_pointe,
          minmay_temple_entry_enclosed_plants
D:6:      layout_basic, serial_undead, serial_undead_d, serial_undead_c,
          serial_undead_e, serial_undead_c, serial_undead_a, serial_undead_f,
          serial_undead_a, serial_undead_f
D:7:      layout_gridville, elyvilon_altar_1, st_stairs_13,
          minmay_misc_feat_chi, nicolae_shop_clearance
D:8:      layout_cave_pools, lightli_temple_of_fire,
          mainiacjoe_overflow_six_doors_small, gammafunk_ghost_hive,
          chequers_big_river, kennysheep_path_1
D:9:      layout_gridville, mainiacjoe_overflow_small_starburst,
          kennysheep_little_box, dpeg_lair_monsters
D:10:     layout_roguey, nicolae_overflow_hidden_temple,
          yredelemnul_altar_generic, vehumet_statue, minmay_beelzebubs_servants
D:11:     layout_loops_ring, tso_metal_star, uniq_josephine, uniq_maurice
Temple:   dpeg_chambers_temple

Skill      XL: |  1  2  3  4  5  6  7  8  9 10 11 |
---------------+----------------------------------+-----
Fighting       | 2 3 4 5 7 8 |  8.9
Dodging        | 2 3 4 5 |  5.3
Transmutations | 3 4 5 6 7 8 9 |  9.0
Unarmed Combat | 4 5 6 |  6.8
Spellcasting   | 3 4 5 |  5.8
Necromancy     | 2 3 4 5 |  5.0
Evocations     | |  0.1

Action                   |  1- 3 |  4- 6 |  7- 9 | 10-12 || total
-------------------------+-------+-------+-------+-------++-------
Melee: Unarmed           |    26 |    33 |   256 |   143 ||   458
       Headbutt          |     4 |    13 |     4 |       ||    21
       Punch             |     2 |     3 |     6 |       ||    11
       Dagger            |    20 |    86 |    85 |    13 ||   204
 Cast: Beastly Appendage |     9 |    12 |     4 |       ||    25
       Spider Form       |     1 |     5 |    30 |     9 ||    45
       Wereblood         |     1 |     1 |    10 |     2 ||    14
       Ice Form          |       |       |     2 |    12 ||    14
 Abil: Spit Poison       |    30 |    40 |    19 |     8 ||    97
       End Transformatio |       |       |       |     1 ||     1
Evoke: Wand              |       |       |     1 |     7 ||     8
  Use: Scroll            |       |     4 |     2 |       ||     6
       Potion            |       |       |       |     1 ||     1
 Stab: Sleeping          |       |     1 |     1 |       ||     2
       Paralysed         |       |       |       |     9 ||     9
Armor: Robe              |     8 |    21 |    33 |     3 ||    65
       Skin              |       |       |    17 |    35 ||    52
Dodge: Dodged            |    20 |    60 |   280 |   104 ||   464

Table legend: (Time is in decaauts)
 A = Elapsed time spent in this place.
 B = Non-inter-level travel time spent in this place.
 C = Inter-level travel time spent in this place.
 D = Time resting spent in this place.
 E = Time spent auto-exploring this place.
 F = Levels seen in this place.
 G = Mean time per level.
                   A        B        C        D        E       F      G
               +--------+--------+--------+--------+--------+-----+--------+
         Total |  13586 |  12910 |    676 |      0 |  10614 |  12 | 1132.2 |
       Dungeon |  13473 |  12837 |    636 |      0 |  10546 |  11 | 1224.8 |
        Temple |    112 |     72 |     40 |      0 |     68 |   1 |  112.0 |
               +--------+--------+--------+--------+--------+-----+--------+

Top non-repeatable levels by time:
     D:6: 2218 daAuts
     D:4: 1560 daAuts
     D:1: 1485 daAuts
     D:7: 1453 daAuts
     D:3: 1290 daAuts
     D:5: 1234 daAuts
    D:11: 1174 daAuts
     D:8: 1091 daAuts
     D:2: 1047 daAuts
    D:10: 527 daAuts
     D:9: 390 daAuts
  Temple: 112 daAuts
